 Dungeon Crawl Stone Soup version 0.27.1-35-g4d5d836560 (webtiles) character file.

Game seed: 11107667252592791911

450 Delamore the Cutter (level 7, -4/45 HPs)
             Began as an Octopode Brigand on May 18, 2022.
             Was an Initiate of Gozag.
             Slain by a sky beast (5 damage)
             ... on level 5 of the Dungeon.
             The game lasted 00:05:27 (5304 turns).

Delamore the Cutter (Octopode Brigand)              Turns: 5304, Time: 00:05:28

Health: -4/45      AC:  2    Str:  7 (10) XL:     7   Next: 4%
Magic:  7/7        EV: 12    Int: 22 (23) God:    Gozag
Gold:   54         SH:  0    Dex: 12 (15) Spells: 6/6 levels left

rFire    + . .     SeeInvis .   a - +2 dagger
rCold    . . .     Faith    .   (no shield)
rNeg     . . .     Spirit   .   v - +1 hat {Int+3}
rPois    +         Reflect  .   (no amulet)
rElec    .         Harm     .   e - +6 ring of intelligence
rCorr    .         Rampage  .   u - ring of protection from fire
Will     .....                  p - ring of poison resistance
Stlth    ++++......             (no ring)
HPRegen  0.15/turn              (no ring)
MPRegen  0.10/turn              (no ring)
                                (no ring)
                                (no ring)

@: hasted, very quick
A: almost no armour, amphibious, 8 rings, camouflage 1, gelatinous body 1,
(nimble swimmer 1), tentacles
a: Renounce Religion, Potion Petition, Call Merchant, Bribe Branch


You were on level 5 of the Dungeon.
You worshipped Gozag.
Gozag was noncommittal.
You visited 2 branches of the dungeon, and saw 6 of its levels.

You collected 364 gold pieces.
You spent 260 gold pieces at shops.
You paid 50 gold pieces to Gozag.

Inventory:

Hand Weapons
 a - a +2 dagger (weapon)
Missiles
 b - 44 poisoned darts (quivered)
 c - 2 curare-tipped darts
 f - 8 boomerangs
 s - 80 stones
Armour
 v - a +1 hat of intelligence (worn)
Jewellery
 e - a +6 ring of intelligence (left tentacle)
 p - a ring of poison resistance (on tentacle)
 u - a ring of protection from fire (right tentacle)
Wands
 m - a wand of mindburst (14)
 o - a wand of flame (16)
Scrolls
 g - a scroll of noise
 j - a scroll of blinking
 l - 2 scrolls of immolation
 n - a scroll of amnesia
 r - a scroll of identify
 y - a scroll of teleportation
Potions
 d - a potion of magic {unknown}
 h - a potion of flight
 i - a potion of mutation {unknown}
 k - a potion of experience {unknown}
 q - a potion of degeneration
 w - a potion of invisibility {unknown}
 x - a potion of attraction {unknown}


   Skills:
 - Level 2.0 Fighting
 * Level 6.1 Short Blades
 + Level 4.4 Throwing
 - Level 1.0 Dodging
 - Level 5.3 Stealth


You had 6 spell levels left.
You didn't know any spells.
Your spell library contained the following spells:

 Spells                   Type           Power      Damage    Failure   Level
 Corona                   Hex            0%         N/A       17%         1
 Freeze                   Ice            0%         1d3       17%         1
 Ensorcelled Hibernation  Hex/Ice        0%         N/A       26%         2
 Frozen Ramparts          Ice            0%         1d2       45%         3
 Tukima's Dance           Hex            0%         N/A       45%         3
 Fulminant Prism          Conj/Hex       0%         3d6       86%         4
 Hailstorm                Conj/Ice       0%         3d3       86%         4
 Iskenderun's Mystic Bla  Conj/Tloc      0%         2d3       86%         4
 Lee's Rapid Deconstruct  Erth           0%         3d5*      99%         5


Dungeon Overview and Level Annotations

Branches:
Dungeon (5/15)             Temple (1/1) D:4

Altars:
Elyvilon
Gozag
Okawaru
Uskayaw
Zin

Shops:
D:1 =[   D:2 [   D:3 [


Innate Abilities, Weirdness & Mutations

You cannot wear most types of armour.
You are amphibious.
You can wear up to eight rings at the same time.
Your skin changes colour to match your surroundings (Stealth+).
Your rubbery body absorbs attacks. (AC +1, EV +1)
((You are camouflaged near water. (Stealth+)))
You have tentacles for arms and can constrict up to eight enemies at once.


Message History

There is a stone staircase leading down here.
You climb downwards.
There is a stone staircase leading up, spattered with blood here.
Found a scorched quarterstaff.
You now have 45 gold pieces (gained 14).
Found 9 gold pieces.
You now have 54 gold pieces (gained 9).
A sky beast comes into view.
Autopickup is now off.
Found an escape hatch in the floor.
You barely miss the sky beast.
The sky beast flickers out of sight!
Something hits you. Something shocks you.
No target in view!
No target in view!
You miss something. You closely miss something.
A sky beast appears from thin air!
The sky beast hits you but does no damage.
You barely miss the sky beast. The sky beast hits you.
The sky beast shocks you.
You barely miss the sky beast. You hit the sky beast but do no damage.
The sky beast flickers out of sight!
Something hits you. Something shocks you.
You hit something but do no damage. Something hits you. Something shocks you.
* * * LOW HITPOINT WARNING * * *
It was a potion of degeneration.
There was something very wrong with that liquid.
You feel weakened.
You feel dopey.
You feel clumsy. Something barely misses you.
A sky beast appears from thin air!
You feel yourself speed up.
The sky beast flickers out of sight!
Something hits you.
* * * LOW HITPOINT WARNING * * *
Something shocks you.
* * * LOW HITPOINT WARNING * * *
You barely miss something. You hit something. Something hits you.
* * * LOW HITPOINT WARNING * * *
Something shocks you.
You die...
Your body crumbles into a pile of gold.

#......# #..#
#......####..#
###......#...#
######.##..#
#.##..#
#.##..#
#.#8..#
#{##..#
#@##..#
#.##..#
#.#8..#
#.##..#
#.....#
#######


There were no monsters in sight!

Vanquished Creatures
  2 scorpions
  A howler monkey (D:4)
  2 hounds
  Terence (D:2)
  An iguana (D:4)
  An orc wizard (D:5)
  A hound skeleton (D:5)
  Robin (D:2)
  4 adders
  An adder skeleton (D:4)
  A worm (D:4)
  2 dart slugs
  6 orcs
  9 ball pythons
  3 endoplasms (D:1)
  2 giant cockroaches
  14 goblins
  11 hobgoblins
  8 kobolds
  4 quokkas
  2 bats
  4 frilled lizards
  5 rats
86 creatures vanquished.

Notes
Turn   | Place    | Note
-------+----------+-------------------------------------------
     0 | D:1      | Delamore the Octopode Brigand began the quest for the Orb.
     0 | D:1      | Reached XP level 1. HP: 14/14 MP: 1/1
     2 | D:1      | Found Atyx Ici's Jewellery Boutique.
    95 | D:1      | Found Xifideix's Antique Armour Boutique.
   100 | D:1      | Reached XP level 2. HP: 19/19 MP: 2/2
   159 | D:1      | Found a faded altar of an unknown god.
   399 | D:1      | Reached skill level 3 in Short Blades
   403 | D:1      | Reached XP level 3. HP: 14/24 MP: 3/3
   926 | D:2      | Noticed Robin
  1173 | D:1      | Reached XP level 4. HP: 14/29 MP: 4/4
  1678 | D:2      | Killed Robin
  1679 | D:2      | Reached skill level 4 in Short Blades
  1706 | D:2      | Noticed Terence
  1715 | D:2      | Killed Terence
  1716 | D:2      | Reached XP level 5. HP: 34/34 MP: 5/5
  1777 | D:2      | Found Etufeh's Antique Armour Shoppe.
  2661 | D:3      | Found Sueja's Antique Armour Shoppe.
  2713 | D:3      | Found an iron altar of Okawaru.
  2933 | D:3      | Found a glowing silver altar of Zin.
  3432 | D:4      | Found a staircase to the Ecumenical Temple.
  3449 | Temple   | Entered the Ecumenical Temple
  3452 | Temple   | Became a worshipper of Gozag Ym Sagoz the Greedy
  3803 | D:4      | Found a hide-covered altar of Uskayaw.
  3861 | D:4      | Reached skill level 5 in Short Blades
  3861 | D:4      | Reached XP level 6. HP: 8/39 MP: 6/6
  4620 | D:5      | Entered Level 5 of the Dungeon
  5017 | D:5      | Reached skill level 6 in Short Blades
  5017 | D:5      | Reached XP level 7. HP: 45/45 MP: 7/7
  5169 | D:1      | Bought a ring of poison resistance for 260 gold pieces
  5304 | D:5      | HP: 1/45 [something (4)]
  5304 | D:5      | Slain by a sky beast

Illustrated notes

Levels and vault maps discovered:
D:1:      eino_arrival_tree_alley, layout_basic, serial_shops,
          nicolae_shop_waterfront, nicolae_shop_statue_plus,
          shapermc_ecumenical_altar_mp_highgroup, minmay_split_cup_small
D:2:      layout_loops_ring, serial_shops, nicolae_shop_trees, uniq_terence,
          uniq_robin
D:3:      layout_basic, okawaru_gym_becter, lemuel_tele_altar, serial_shops,
          shop, serial_bayou_pond_e
D:4:      minmay_razor_zed, layout_cave_pools, marbit_many_paths,
          minmay_temple_entry_overgrown
D:5:      lemuel_castle_with_subvaults [lemuel_castle_interior_original],
          layout_basic, nicolae_tso_swordbearing_angel, serial_corexii_hall,
          corexii_hall_statues_u, corexii_hall_statues_i,
          chequers_hall_statues_corner_a, corexii_hall_statues_i,
          chequers_hall_statues_wall_a, chequers_hall_statues_corner_a,
          serial_shops, nicolae_take_the_stairs
Temple:   nicolae_temple_hex_pool

Skill      XL: |  1  2  3  4  5  6 |
---------------+-------------------+-----
Short Blades   | 3 4 5 6 |  6.1
Throwing       | 3 4 |  4.4
Fighting       | |  2.0
Dodging        | |  1.0
Stealth        | |  5.3

Action                   |  1- 3 |  4- 6 |  7- 9 || total
-------------------------+-------+-------+-------++-------
Melee: Dagger            |    52 |   112 |    15 ||   179
       Constrict         |    12 |    32 |     2 ||    46
       Tentacles         |     7 |    14 |     2 ||    23
Throw: Dart              |       |    12 |       ||    12
Evoke: Wand              |       |     4 |       ||     4
  Use: Scroll            |     2 |     3 |       ||     5
       Potion            |       |     4 |     2 ||     6
 Stab: Sleeping          |    11 |    17 |       ||    28
Armor: Skin              |     4 |     7 |     1 ||    12
Dodge: Dodged            |    30 |    49 |     3 ||    82
